Description

Hellbatsssssssss

Replay - Port Aleksander LE hellbat timing 3cc banshee

Build Order

Get SALT Encoding   

  12  0:01  SCV  
  13  0:13  SCV  
  14  0:18  Supply Depot  
  14  0:25  SCV  
  15  0:39  SCV  
  15  0:41  Barracks  
  16  0:44  Refinery  
  16  0:51  SCV  
  17  1:04  SCV  
  18  1:16  SCV  
  19  1:28  Reaper, Orbital Command  
  20  1:43  Command Center  
  20  1:54  SCV  
  21  1:55  Supply Depot  
  21  1:59  Marine  
  22  2:06  SCV  
  23  2:09  Factory  
  23  2:15  Refinery  
  23  2:19  SCV  
  23  2:21  Barracks Reactor  
  26  2:54  Starport  
  26  2:57  Orbital Command  
  27  3:05  Barracks Tech Lab, Hellion x2  
  34  3:28  Hellion x2  
  34  3:32  Supply Depot  
  40  3:44  Banshee, Cloaking Field  
  44  3:52  Hellion x2  
  49  3:57  Supply Depot  
  50  4:02  Armory  
  51  4:14  Hellion x2  
  54  4:20  Supply Depot  
  56  4:27  Banshee  
  61  4:42  Hellion x2  
  65  4:47  Command Center  
  65  4:52  Barracks Tech Lab  
  69  5:08  Engineering Bay x2  
  70  5:24  Marine  
  70  5:30  Barracks x4  
Spawning Tool Build Advisor. Get it on Overwolf

Go to:

Details

  • Created by: Aggression
  • Published on: Apr 02, 2019
  • Modified on: Apr 02, 2019
  • Patch: 4.7.1
Show
View Real Time Build Order
Export as new Build Order

Comments (0)

There are no comments. Be the first!

Create an account to comment!